 Dungeon Crawl Stone Soup version 0.28-a0-909-g796cbd3a86 (webtiles) character file.

Game seed: 8234333864599826368

25240 BinkBink the Tortoise (level 13, -3/78 HPs)
             Began as a Tengu Monk on Nov 25, 2021.
             Was an Initiate of Gozag.
             Slain by a two-headed ogre (12 damage)
             ... while paralysed by an ogre mage
             ... on level 2 of the Orcish Mines.
             The game lasted 01:03:47 (18232 turns).

BinkBink the Tortoise (Tengu Monk)                 Turns: 18232, Time: 01:03:48

Health: -3/78      AC: 27    Str: 12 (14) XL:     13   Next: 18%
Magic:  22/22      EV:  2    Int:  6 (11) God:    Gozag
Gold:   2051       SH:  0    Dex: 26      Spells: 22/22 levels left

rFire   + . .      SeeInvis .   r - +2 short sword (venom)
rCold   x . .      Faith    .   H - +0 kite shield of Protective Custody {Dex+5}
rNeg    . . .      Spirit   .   f - +4 crystal plate armour
rPois   .          Reflect  .   (helmet restricted)
rElec   .          Harm     .   p - scarf {+Inv}
rCorr   .          Rampage  .   (no gloves)
Will    .....                   (boots unavailable)
Stlth   ..........              w - amulet of regeneration
HPRegen 1.23/turn               h - ring of wizardry
MPRegen 0.18/turn               x - ring of fire

@: paralysed, flying quickly and evasively, quick
A: beak, talons 3, nimble flight, deterioration 1, strong 1
a: Renounce Religion, Evoke Invisibility, Potion Petition, Call Merchant, Bribe
Branch


You were on level 2 of the Orcish Mines.
You worshipped Gozag.
Gozag was most pleased with you.
You visited 3 branches of the dungeon, and saw 15 of its levels.

You collected 3104 gold pieces.
You spent 1053 gold pieces at shops.

Inventory:

Hand Weapons
 a - the +7 great mace "Firestarter" {inner flame, rF++}
   (You found it on level 10 of the Dungeon)

   It burns those it strikes, dealing additional fire damage.
   It fills those it strikes with an explosive inner flame.
   It grants immunity to clouds of flame.
   rF:        It greatly protects you from fire.
 r - a +2 short sword of venom (weapon)
Armour
 f - a +4 crystal plate armour (worn)
 p - a scarf of invisibility (worn)
 v - +0 fire dragon scales
 H - the +0 kite shield of Protective Custody (worn) {Dex+5}
   (You bought it in a shop on level 9 of the Dungeon)

   Dex:       It affects your dexterity (+5).
Magical Staves
 u - a staff of conjuration
Jewellery
 h - a ring of wizardry (left hand)
 w - an amulet of regeneration (around neck)
 x - a ring of fire (right hand)
 G - a ring of protection from cold
 I - a ring of fire
 J - an amulet of guardian spirit
Wands
 c - a wand of charming (8)
 l - a wand of paralysis (2)
 C - a wand of acid (6)
 E - a wand of flame (20)
 F - a wand of polymorph (14)
Scrolls
 b - 3 scrolls of magic mapping
 e - 5 scrolls of immolation
 g - 2 scrolls of noise {unknown}
 i - a scroll of vulnerability {unknown}
 j - a scroll of teleportation
 m - a scroll of summoning
 n - 6 scrolls of amnesia
 o - 3 scrolls of enchant weapon
 y - a scroll of acquirement {unknown}
 A - a scroll of blinking
 D - a scroll of brand weapon
Potions
 k - a potion of haste
 q - a potion of berserk rage
 s - 2 potions of mutation
 t - a potion of experience
 z - a potion of flight {unknown}
 B - a potion of ambrosia {unknown}
 K - a potion of curing


   Skills:
 + Level 7.8 Fighting
 + Level 10.6 Short Blades
 * Level 15.6 Armour
 * Level 8.5 Dodging
 - Level 2.0 Stealth
 * Level 7.0 Shields
 - Level 1.0 Unarmed Combat
 * Level 5.3 Spellcasting
 + Level 1.6 Evocations


You had 22 spell levels left.
You didn't know any spells.
Your spell library contained the following spells:

 Spells                   Type           Power      Damage    Failure   Level
 Slow                     Hex            4%         N/A       100%        1
 Summon Small Mammal      Summ           4%         N/A       100%        1
 Scorch                   Fire           4%         2d5       100%        2
 Static Discharge         Conj/Air       1%         N/A       100%        2
 Sublimation of Blood     Necr           1%         N/A       100%        2
 Call Canine Familiar     Summ           1%         N/A       100%        3
 Conjure Flame            Conj/Fire      2%         6-21      100%        3
 Frozen Ramparts          Ice            2%         1d2       100%        3
 Ignite Poison            Fire/Tmut/Pois 2%         N/A       100%        3
 Summon Guardian Golem    Hex/Summ       1%         N/A       100%        3
 Dispel Undead            Necr           1%         3d6       100%        4
 Flame Wave               Conj/Fire      2%         3d3       100%        4
 Ice Form                 Ice/Tmut       1%         N/A       100%        4
 Petrify                  Tmut/Erth      1%         N/A       100%        4
 Sticky Flame             Conj/Fire      2%         2d3       100%        4
 Summon Ice Beast         Ice/Summ       1%         N/A       100%        4
 Fireball                 Conj/Fire      1%         3d3       100%        5
 Irradiate                Conj/Tmut      0%         3d13      100%        5
 Summon Forest            Summ/Tloc      0%         N/A       100%        5
 Summon Mana Viper        Hex/Summ       1%         N/A       100%        5
 Starburst                Conj/Fire      1%         6d3       100%        6
 Summon Cactus Giant      Summ           0%         N/A       100%        6
 Ignition                 Fire           1%         3d3       100%        8


Dungeon Overview and Level Annotations

Branches:
Dungeon (12/15)            Temple (1/1) D:4            Lair (0/6) D:11
    Orc (2/2) D:9
    Elf: Orc:2

Altars:
Ashenzari
Cheibriados
Dithmenos
Elyvilon
Fedhas
Gozag
Hepliaklqana
Kikubaaqudgha
Makhleb
Nemelex Xobeh
Okawaru
Qazlal
Ru
Sif Muna
Trog
Uskayaw
Vehumet
Wu Jian
Xom
Yredelemnul
Zin
The Shining One
Lugonu

Shops:
D:3 *   D:4 *   D:7 [!   D:9 [

Annotations:
D:7 2 transporters
D:9 1 runed translucent door, bgiannan's ghost, novice GrFi
D:10 1 runed translucent door, Decritt's ghost, journeyman GrFi


Innate Abilities, Weirdness & Mutations

You have a beak for a mouth.
You have claws for feet.
Your magical nature lets you fly swiftly and evasively.
Your body sometimes deteriorates upon taking damage.
Your muscles are strong. (Str +2)


Message History

a +0 trident; 2 boomerangs
Things that are here:
a +0 dagger; a +0 robe You now have 2030 gold pieces (gained 28).
You now have 2051 gold pieces (gained 21).
Things that are here:
a +0 flail; a +0 chain mail
Items here: )) [[.
Done exploring.
Done exploring.
(D) Dungeon (T) Temple (L) Lair (O) Orcish Mines
Where to? (Enter - Orc:2, ? - help)
Items here: )) [[.
There is a stone staircase leading down, spattered with blood here.
You fly downwards.
The two-headed ogre hits you but does no damage.
The two-headed ogre hits you with a +0 giant club.
The two-headed ogre hits you with a +0 giant spiked club!
You block the two-headed ogre's attack.
The ogre mage gestures at you while chanting.
You suddenly lose the ability to move!
A cyclops comes into view.
The orc knight roars a battlecry!
The orc warrior goes into a battle-frenzy!
An ogre comes into view. It is wielding a +0 giant club.
The ogre shouts!
You hear two shouts!
The orc warrior throws a boomerang.
The boomerang hits you.
The two-headed ogre completely misses you.
The two-headed ogre hits you with a +0 giant club!
The two-headed ogre hits you with a +0 giant spiked club!
The two-headed ogre hits you with a +1 dire flail of holy wrath!
The orc knight shoots a bolt.
The bolt hits you!
* * * LOW HITPOINT WARNING * * *
Your body deteriorates!
You feel dopey.
A two-headed ogre comes into view. It is wielding two +0 giant clubs.
The orc warrior throws a boomerang.
The boomerang hits you.
* * * LOW HITPOINT WARNING * * *
The two-headed ogre hits you with a +0 giant club!
You die...
Your body crumbles into a pile of gold.

...........#....
...#...#.........
..#o...#.........
.................
..#............$.
$
.................
.........O......#
......o<.@C.....#
.......$O........
.................
.................
...........#O.O..
....o.....##.....
..........# ..C.
....#...... #O.#


You could see an orc knight, 3 two-headed ogres, an ogre mage, 2 cyclopes, 2 orc
warriors and an ogre.

Vanquished Creatures
  Snorg (D:10)
  Erica (D:7)
  9 two-headed ogres
  Sonja (D:10)
  3 orc high priests (Orc:1)
  A deep troll (Orc:1)
  Pikel (D:7)
  An orc sorcerer (Orc:1)
  2 oklob plants (D:11)
  Maurice (D:11)
  The ghost of xxx the Magician, a novice DEFE of Sif Muna (D:6)
  Joseph (D:8)
  Psyche (D:8)
  A komodo dragon (D:12)
  3 trolls (Orc:1)
  Prince Ribbit (D:8)
  2 hornets (D:10)
  A wraith (D:11)
  2 shadows
  21 yaks
  2 vampires
  4 fire bats (D:10)
  Grum (D:10)
  A steam dragon (D:9)
  2 wargs (Orc:1)
  5 water moccasins
  10 orc warriors
  5 ice beasts
  A sky beast (D:5)
  11 ogres
  4 wolves (D:10)
  2 centaurs
  A lemure (D:7)
  2 phantoms
  2 kobold brigands
  3 bullfrogs (D:7)
  A gnoll sergeant (D:6)
  A water moccasin zombie (D:5)
  12 killer bees
  4 wights (D:10)
  2 electric eels (D:7)
  4 howler monkeys
  A lava snake (D:9)
  4 centaur zombies
  3 jellies
  10 orc priests
  A centaur skeleton (D:4)
  A hound (D:5)
  A gnoll shaman (D:7)
  A bullfrog skeleton (D:4)
  Jessica (D:2)
  3 iguanas
  A scorpion zombie (D:5)
  21 orc wizards
  A killer bee zombie (D:8)
  2 bullfrog simulacra (D:6)
  A hound zombie (D:5)
  2 hound skeletons (D:4)
  A howler monkey zombie (D:10)
  7 gnolls
  2 howler monkey skeletons
  3 adders
  5 white imps
  2 ufetubi
  An adder skeleton (D:5)
  A worm (D:3)
  A dart slug (D:1)
  69 orcs
  6 endoplasms
  2 giant cockroaches
  7 hobgoblins
  2 jackals (D:3)
  6 quokkas
  4 ball pythons
  2 bats
  2 frilled lizards (D:1)
  7 goblins
  11 kobolds
  3 rats
333 creatures vanquished.

Vanquished Creatures (others)
  An orc wizard (Orc:1)
  An orc (Orc:1)
  A fungus (D:9)
  9 plants
12 creatures vanquished.

Grand Total: 345 creatures vanquished

Notes
Turn   | Place    | Note
-------+----------+-------------------------------------------
     0 | D:1      | BinkBink the Tengu Monk began the quest for the Orb.
     0 | D:1      | Reached XP level 1. HP: 14/14 MP: 2/2
   419 | D:1      | Reached XP level 2. HP: 14/19 MP: 3/3
   689 | D:1      | Reached skill level 1 in Armour
   774 | D:1      | Found a faded altar of an unknown god.
  1111 | D:1      | Reached XP level 3. HP: 22/23 MP: 4/4
  1797 | D:2      | You fall into a shaft and drop 1 floor!
  1988 | D:3      | Reached XP level 4. HP: 28/28 MP: 5/5
  2256 | D:3      | Reached skill level 2 in Armour
  2393 | D:3      | Found an opulent altar of Gozag.
  2400 | D:3      | Found Gozag's Platinum Reserve.
  2449 | D:3      | Became a worshipper of Gozag Ym Sagoz the Greedy
  2512 | D:4      | Gained mutation: Your magical nature lets you fly swiftly
                  | and evasively. [Tengu growth]
  2512 | D:4      | Reached XP level 5. HP: 26/32 MP: 6/6
  2966 | D:4      | Reached skill level 3 in Armour
  3113 | D:4      | Found a staircase to the Ecumenical Temple.
  3131 | D:4      | Reached skill level 5 in Short Blades
  3131 | D:4      | Reached XP level 6. HP: 19/38 MP: 7/7
  3490 | D:4      | Reached skill level 4 in Armour
  3761 | D:4      | Found Ylousmev's General Store.
  3774 | D:4      | Bought a scroll of teleportation for 39 gold pieces
  3774 | D:4      | Bought a potion of curing for 39 gold pieces
  4050 | D:5      | Entered Level 5 of the Dungeon
  4176 | D:5      | Noticed an ice beast
  4275 | D:5      | Noticed a shadow
  5206 | D:2      | Noticed Jessica
  5210 | D:2      | Killed Jessica
  5242 | D:2      | Got Jessica's Collected Works on the Oath
  5520 | D:5      | Noticed a sky beast
  5545 | D:5      | Killed a sky beast
  5546 | D:5      | Reached skill level 5 in Armour
  5546 | D:5      | Reached XP level 7. HP: 17/43 MP: 8/8
  5876 | D:5      | Killed a shadow
  5877 | D:5      | Reached skill level 6 in Armour
  6518 | Temple   | Entered the Ecumenical Temple
  7187 | D:5      | Reached XP level 8. HP: 43/48 MP: 9/9
  7735 | D:5      | Reached skill level 7 in Armour
  8850 | D:6      | Reached skill level 8 in Armour
  9612 | D:6      | Noticed a two-headed ogre
  9612 | D:6      | Found a runed translucent gate.
  9612 | D:6      | Found a runed translucent gate.
  9997 | D:6      | Reached skill level 9 in Armour
  9997 | D:6      | Reached XP level 9. HP: 53/53 MP: 10/10
 10045 | D:6      | Found a runed translucent gate.
 10047 | D:6      | Noticed xxx's ghost (novice DEFE)
 10189 | D:7      | Found a transporter.
 10189 | D:7      | Found a corrupted altar of Lugonu.
 10189 | D:7      | Noticed a white ugly thing
 10198 | D:7      | Noticed a brown ugly thing
 10206 | D:7      | Found Utsegeak's Distillery.
 10210 | D:7      | HP: 2/53 [electric eel/bolt of electricity (6)]
 10211 | D:7      | Gained mutation: Your muscles are strong. (Str +2) [potion
                  | of mutation]
 10221 | D:7      | Found Pawinad's Antique Armour Shop.
 10232 | D:7      | Reached skill level 5 in Fighting
 10511 | D:7      | Reached skill level 10 in Armour
 10602 | D:7      | Bought a potion of experience for 700 gold pieces
 10909 | D:7      | Noticed Pikel
 10942 | D:7      | Killed Pikel
 10943 | D:7      | Reached skill level 5 in Dodging
 10986 | D:7      | Reached skill level 11 in Armour
 11001 | D:7      | Noticed a guardian serpent
 11002 | D:7      | Found a transporter.
 11259 | D:7      | Reached XP level 10. HP: 59/59 MP: 11/11
 11364 | D:7      | Reached skill level 1 in Spellcasting
 11437 | D:8      | Noticed Erica
 11456 | D:7      | Killed Erica
 11551 | D:8      | Reached skill level 12 in Armour
 11666 | D:8      | Noticed Joseph
 11682 | D:8      | Noticed Psyche
 11839 | D:8      | Noticed Prince Ribbit
 11862 | D:8      | Killed Prince Ribbit
 11970 | D:9      | Noticed a two-headed ogre
 11984 | D:8      | Killed Psyche
 12207 | D:9      | Found a staircase to the Orcish Mines.
 12263 | D:9      | Reached XP level 11. HP: 30/64 MP: 14/16
 12334 | D:9      | Noticed a two-headed ogre
 12595 | D:9      | Reached skill level 13 in Armour
 12815 | D:9      | Killed a two-headed ogre
 12856 | D:9      | Killed a two-headed ogre
 12857 | D:9      | Reached skill level 1 in Unarmed Combat
 12937 | D:9      | Found a runed translucent door.
 12940 | D:9      | Noticed bgiannan's ghost (novice GrFi)
 12941 | D:9      | Identified the +6 trident of the Harvest {drain, Contam
                  | Int+2 Dex+2}
 12988 | D:9      | Found Yluec's Antique Armour Boutique.
 12991 | D:9      | Bought a jewelled kite shield for 275 gold pieces
 12991 | D:9      | Identified the +0 kite shield of Protective Custody {Dex+5}
                  | (You bought it in a shop on level 9 of the Dungeon)
 13039 | D:9      | Noticed a two-headed ogre
 13056 | D:9      | Killed a two-headed ogre
 13459 | D:10     | Entered Level 10 of the Dungeon
 13459 | D:10     | Noticed Sonja
 13488 | D:10     | Noticed a two-headed ogre
 13538 | D:9      | Killed a two-headed ogre
 13539 | D:9      | Reached skill level 1 in Shields
 13642 | D:10     | Killed Sonja
 13643 | D:10     | Reached skill level 14 in Armour
 13681 | D:10     | Noticed a two-headed ogre
 13715 | D:10     | Killed a two-headed ogre
 13787 | D:10     | Reached skill level 1 in Evocations
 13903 | D:10     | Found a runed translucent door.
 13904 | D:10     | Found a shimmering altar of Xom.
 13904 | D:10     | Noticed Decritt's ghost (journeyman GrFi)
 13904 | D:10     | Noticed a +1 rapier of chaos
 14024 | D:10     | Noticed a fire dragon
 14024 | D:10     | Found the +7 great mace "Firestarter" {inner flame, rF++}
 14308 | D:10     | Noticed Grum
 14324 | D:10     | Reached XP level 12. HP: 61/72 MP: 19/19
 14336 | D:10     | Killed Grum
 14824 | D:6      | Killed xxx's ghost
 15282 | D:8      | Killed Joseph
 15410 | D:11     | Noticed Maurice
 15410 | D:11     | Noticed Snorg
 15489 | D:10     | Killed Snorg
 15490 | D:10     | Reached skill level 10 in Short Blades
 15585 | D:11     | Found a staircase to the Lair.
 16054 | D:11     | Killed Maurice
 16229 | D:12     | Noticed an eight-headed hydra
 16494 | D:11     | Reached skill level 5 in Shields
 16587 | Orc:1    | Entered Level 1 of the Orcish Mines
 16689 | Orc:1    | Noticed an orc high priest
 16745 | Orc:1    | Killed an orc high priest
 16746 | Orc:1    | Reached skill level 15 in Armour
 16955 | Orc:1    | Noticed an orc high priest
 16961 | Orc:1    | Noticed a sun demon
 17117 | Orc:1    | Gained mutation: Your body sometimes deteriorates upon
                  | taking damage. [a neqoxec]
 17119 | Orc:1    | Killed an orc high priest
 17376 | Orc:2    | Entered Level 2 of the Orcish Mines
 17376 | Orc:2    | Noticed an orc high priest
 17378 | Orc:2    | Noticed a sun demon
 17603 | Orc:2    | Noticed a sun demon
 17610 | Orc:1    | Reached skill level 5 in Spellcasting
 17615 | Orc:2    | Noticed a sun demon
 17649 | Orc:2    | Noticed a two-headed ogre
 17780 | Orc:1    | Killed a two-headed ogre
 17817 | Orc:2    | Noticed a two-headed ogre
 17817 | Orc:2    | Noticed a two-headed ogre
 17818 | Orc:2    | Noticed a two-headed ogre
 17920 | Orc:1    | Killed a two-headed ogre
 17921 | Orc:1    | Reached XP level 13. HP: 71/78 MP: 21/21
 18230 | Orc:2    | Paralysed by an ogre mage for 3 turns
 18232 | Orc:2    | Slain by a two-headed ogre

Illustrated notes

Levels and vault maps discovered:
D:1:      giann_wishing_wells, layout_basic, shapermc_ecumenical_altar_ellora,
          grunt_decor_arrowhead
D:2:      layout_basic, serial_corexii_hall, corexii_hall_statues_l,
          chequers_hall_statues_corner_a, kennysheep_jessica_study
D:3:      layout_rooms, nicolae_gozag_zags_fifth_avenue,
          chequers_serial_rivers_small_3
D:4:      layout_basic, minmay_temple_entry_wispy, kennysheep_decorative_pillar,
          kennysheep_small_square
D:5:      layout_layer_cave, fountainhead, eino_small_chamber_without_monster,
          hangedman_minor_gate_pass
D:6:      layout_loops_ring, gammafunk_ghost_icy, solitary_fountain
D:7:      gammafunk_corrupted_shrine, layout_cave_pools,
          hangedman_decor_clover_reticule, hangedman_decor_riveting,
          chequers_garden, nicolae_wooded_promenade, uniq_pikel
D:8:      layout_rooms, minmay_misc_feat_five, uniq_joseph, uniq_erica,
          uniq_prince_ribbit1, uniq_psyche
D:9:      layout_big_octagon, orc_0_dummy, serial_shops, kennysheep_mini_moat,
          ebering_ghost_funeral_grove
D:10:     minmay_firetagon, layout_loops_cross, ebering_ghost_xom,
          kennysheep_generic_room_11, uniq_sonja, uniq_grum
D:11:     layout_rooms, dpeg_oklobed_lair, kennysheep_small_circle,
          uniq_maurice, uniq_snorg
D:12:     layout_loops_ring, portal_ice_cave_entry_pillars_2, xom_teletrap_fun
Temple:   mainiacjoe_temple_hex_bubbles
Orc:1:    layout_diamond_mine, mines4_lemuel
Orc:2:    st_orc_open, layout_caves, basic_altar, serial_shops,
          nicolae_shop_bloodbath_and_beyond, bh_open_orc_temple

Skill      XL: |  1  2  3  4  5  6  7  8  9 10 11 12 13 |
---------------+----------------------------------------+-----
Armour         | 1 2 3 5 6 9 11 12 14 15 | 15.6
Short Blades   | 4 5 6 7 8 9 10 | 10.6
Dodging        | 4 5 6 7 8 |  8.5
Fighting       | 4 5 6 7 |  7.8
Spellcasting   | 2 4 5 |  5.3
Unarmed Combat | 1 |  1.0
Shields        | 2 6 7 |  7.0
Evocations     | 1 |  1.6
Stealth        | |  2.0

Action                   |  1- 3 |  4- 6 |  7- 9 | 10-12 | 13-15 || total
-------------------------+-------+-------+-------+-------+-------++-------
Melee: Short sword       |    99 |   212 |   591 |   672 |    67 ||  1641
       Peck              |    13 |    38 |   139 |   344 |    25 ||   559
       Kick              |    24 |    85 |   219 |   537 |    39 ||   904
       Dagger            |       |       |     8 |   390 |       ||   398
       Unarmed           |       |       |       |     8 |       ||     8
Evoke: Wand              |       |       |       |    14 |       ||    14
  Use: Scroll            |       |     7 |     4 |     6 |       ||    17
       Potion            |       |       |     4 |    11 |       ||    15
 Stab: Invisible         |       |       |     3 |       |       ||     3
       Distracted        |       |       |       |     3 |       ||     3
       Paralysed         |       |       |       |     1 |       ||     1
Armor: Crystal plate arm |    69 |   171 |   393 |   684 |    58 ||  1375
       Robe              |     3 |       |       |       |       ||     3
       Skin              |       |       |       |     1 |       ||     1
Dodge: Dodged            |    20 |     3 |    37 |   132 |    19 ||   211
Block: Kite shield       |       |       |       |   385 |    66 ||   451

Table legend: (Time is in decaauts)
 A = Elapsed time spent in this place.
 B = Non-inter-level travel time spent in this place.
 C = Inter-level travel time spent in this place.
 D = Time resting spent in this place.
 E = Time spent auto-exploring this place.
 F = Levels seen in this place.
 G = Mean time per level.
                   A        B        C        D        E       F      G
               +--------+--------+--------+--------+--------+-----+--------+
         Total |  16876 |  15262 |   1614 |      0 |  10489 |  15 | 1125.1 |
       Dungeon |  15146 |  13688 |   1458 |      0 |   9696 |  12 | 1262.2 |
        Temple |    342 |    329 |     13 |      0 |    328 |   1 |  342.0 |
  Orcish Mines |   1387 |   1245 |    142 |      0 |    465 |   2 |  693.5 |
               +--------+--------+--------+--------+--------+-----+--------+

Top non-repeatable levels by time:
     D:4: 2590 daAuts
     D:5: 2575 daAuts
     D:9: 1390 daAuts
   Orc:1: 1333 daAuts
    D:10: 1279 daAuts
     D:7: 1248 daAuts
     D:6: 1235 daAuts
     D:1: 1153 daAuts
     D:3: 1141 daAuts
     D:2: 959 daAuts
    D:11: 885 daAuts
     D:8: 669 daAuts
  Temple: 342 daAuts
   Orc:2: 54 daAuts
    D:12: 17 daAuts
